 Dungeon Crawl Stone Soup version 0.27.1-4-g1640c2035a (webtiles) character file.

Game seed: 11544955881020662021

139 Blacky the Skirmisher (level 5, 0/42 HPs)
             Began as a Demonspawn Abyssal Knight on Nov 12, 2021.
             Was a Follower of Lugonu.
             Slain by an ogre (21 damage)
             ... on level 4 of the Dungeon.
             The game lasted 00:09:06 (1866 turns).

Blacky the Skirmisher (Demonspawn Abyssal Knight)   Turns: 1866, Time: 00:09:06

Health: 0/42       AC:  7    Str: 13    XL:     5   Next: 1%
Magic:  6/6        EV:  8    Int: 13    God:    Lugonu [*.....]
Gold:   185        SH:  7    Dex: 13    Spells: 4/4 levels left

rFire    . . .     SeeInvis .   a - +2 falchion
rCold    . . .     Faith    .   k - +0 buckler
rNeg     . . .     Spirit   .   o - +0 scale mail
rPois    .         Reflect  .   j - +0 helmet
rElec    .         Harm     .   (no cloak)
rCorr    .         Rampage  .   (no gloves)
Will     .....                  (no boots)
Stlth    ..........             d - amulet of the acrobat
HPRegen  0.14/turn              (no ring)
MPRegen  0.10/turn              (no ring)

@: no status effects
A: hooves 1, demonic guardian 1, condensation shield
a: Renounce Religion, Depart the Abyss


You were on level 4 of the Dungeon.
You worshipped Lugonu.
Lugonu was aware of your devotion.
You visited 1 branch of the dungeon, and saw 4 of its levels.
You visited the Abyss 1 time.

You collected 185 gold pieces.

Inventory:

Hand Weapons
 a - a +2 falchion (weapon)
Armour
 b - a +0 leather armour
 e - a +0 ring mail
 j - a +0 helmet (worn)
 k - a +0 buckler (worn)
 o - a +0 scale mail (worn)
Jewellery
 d - an amulet of the acrobat (around neck)
Scrolls
 i - a scroll of acquirement {unknown}
 m - a scroll of fog {unknown}
 n - a scroll of blinking {unknown}
Potions
 c - 3 potions of curing
 f - a potion of heal wounds {unknown}
 h - a potion of might
 l - a potion of berserk rage {unknown}


   Skills:
 + Level 3.9 Fighting
 + Level 3.0 Long Blades
 + Level 2.5 Armour
 + Level 1.5 Dodging
 + Level 0.9 Stealth
 + Level 0.3 Shields
 + Level 2.4 Invocations


You had 4 spell levels left.
You didn't know any spells.
Your spell library was empty.

Dungeon Overview and Level Annotations

Branches:
Dungeon (4/15)
 Temple: D:4-7

Altars:
The Shining One


Innate Abilities, Weirdness & Mutations

You have large cloven feet.
A weak demonic guardian rushes to your aid.
A meltable shield of frost defends you. (SH +4)


Message History

You hit the quokka skeleton.
You kick the quokka skeleton, but do no damage.
The quokka skeleton is heavily damaged.
The quokka skeleton barely misses you.
You hit the quokka skeleton but do no damage.
The quokka skeleton is heavily damaged.
You block the quokka skeleton's attack.
Your shield prevents you from hitting the quokka skeleton.
The quokka skeleton is heavily damaged.
The quokka skeleton bites you. You block the quokka skeleton's attack.
You hit the quokka skeleton.
The quokka skeleton is heavily damaged.
The quokka skeleton bites you.
Your scale mail prevents you from hitting the quokka skeleton.
The quokka skeleton is heavily damaged.
The quokka skeleton bites you.
You slash the quokka skeleton!
You destroy the quokka skeleton!
Lugonu accepts your kill.
Found an escape hatch in the floor.
There is an escape hatch in the floor here.
An ogre comes into view. It is wielding a +0 giant club.
Found 19 arrows.
A hobgoblin comes into view.
The hobgoblin shouts!
The ogre completely misses you.
A ball python comes into view.
You completely miss the ogre.
The ball python hisses angrily.
You kick the ogre, but do no damage. The ogre hits you but does no damage.
You barely miss the ogre. You kick the ogre, but do no damage.
You block the ogre's attack.
You slash the ogre!
The ogre is moderately wounded.
The ogre hits you with a +0 giant club!!
You barely miss the ogre. You kick the ogre, but do no damage.
The ogre is moderately wounded.
The ogre hits you with a +0 giant club!!
Ouch! That really hurt!
You die...

....... .......
#.......
##########...>...#
#.>..........#.#.#
#.####............
#.# ##..........#
#.# ##.#..##.#.#
#@# #.#..##.#.#
#O# #....##.#.#
#g# ###........
#S# ##....... .(.
........#.# ...
####.####(# ...
#.# #.# ##.## #.#
#.# #.# #..


You could see an ogre, a hobgoblin and a ball python.

Vanquished Creatures
  An orc (D:3)
  3 ball pythons
  2 bats
  A giant cockroach (D:3)
  3 goblins
  8 hobgoblins
  3 kobolds
  A quokka (D:3)
  3 frilled lizards
  A quokka skeleton (D:4)
  2 rats
28 creatures vanquished.

Vanquished Creatures (collateral kills)
  Sigmund (D:3)
  An adder (D:2)
  A dart slug (D:2)
3 creatures vanquished.

Vanquished Creatures (others)
  A fungus (D:2)
  3 plants
4 creatures vanquished.

Grand Total: 35 creatures vanquished

Notes
Turn   | Place    | Note
-------+----------+-------------------------------------------
     0 | Abyss:1  | Blacky the Demonspawn Abyssal Knight began the quest for
                  | the Orb.
     0 | Abyss:1  | Reached XP level 1. HP: 18/18 MP: 2/2
    92 | Abyss:1  | Found a corrupted altar of Lugonu.
   109 | Abyss:1  | Noticed a manticore zombie
   111 | D:1      | Escaped the Abyss
   440 | D:1      | Reached * piety under Lugonu
   531 | D:1      | Gained mutation: A weak demonic guardian rushes to your
                  | aid. [demonic ancestry]
   531 | D:1      | Reached XP level 2. HP: 23/24 MP: 3/3
  1079 | D:2      | Reached skill level 1 in Dodging
  1142 | D:2      | Reached XP level 3. HP: 15/29 MP: 4/4
  1395 | D:3      | Noticed Sigmund
  1418 | D:3      | Killed Sigmund
  1419 | D:3      | Gained mutation: You have large cloven feet. [demonic
                  | ancestry]
  1419 | D:3      | Reached XP level 4. HP: 15/37 MP: 5/5
  1654 | D:3      | Gained mutation: A meltable shield of frost defends you.
                  | (SH +4) [demonic ancestry]
  1654 | D:3      | Reached XP level 5. HP: 42/42 MP: 6/6
  1859 | D:4      | Noticed an ogre
  1866 | D:4      | Slain by an ogre

Illustrated notes

Levels and vault maps discovered:
D:1:      erik_arrival_cave_to_civilisation [erik_arrival_cave_to_hall],
          layout_basic, kennysheep_doodads
D:2:      layout_loops_ring, basic_altar,
          dreamdust_ecumenical_altar_hidden_monk_grotto, chequers_avenue
D:3:      layout_loops_cross, uniq_sigmund
D:4:      kennysheep_kobold_camp, layout_loops_ring, general_overflow_altar,
          serial_shops, nicolae_shop_competitors_out_of_business

Skill      XL: |  1  2  3 |
---------------+----------+-----
Long Blades    | 2 3 |  3.0
Armour         | 2 |  2.5
Dodging        | 1 |  1.5
Fighting       | |  3.9
Stealth        | |  0.9
Shields        | |  0.3
Invocations    | |  2.4

Action                   |  1- 3 |  4- 6 || total
-------------------------+-------+-------++-------
Melee: Falchion          |    71 |    28 ||    99
       Kick              |       |     9 ||     9
Invok: Depart the Abyss  |     1 |       ||     1
  Use: Scroll            |     7 |     1 ||     8
 Stab: Distracted        |     1 |       ||     1
Armor: Leather armour    |    16 |       ||    16
       Ring mail         |     4 |     1 ||     5
       Scale mail        |       |     2 ||     2
Dodge: Dodged            |    48 |    18 ||    66
Block: Buckler           |     9 |    11 ||    20
       Rpst.: Falchion   |    21 |     4 ||    25
